 Dungeon Crawl Stone Soup version 0.21.1-1-g345015fe64 (webtiles) character file.

7213 Jannitor the Nimble (level 10, 0/53 HPs)
             Began as a Spriggan Gladiator on May 19, 2018.
             Was a High Priest of Okawaru.
             Slain by a minotaur
             ... wielding a +0 falchion of holy wrath
              (20 damage)
             ... in a labyrinth.
             The game lasted 00:24:18 (14549 turns).

Jannitor the Nimble (Spriggan Gladiator)           Turns: 14549, Time: 00:24:19

Health: 0/53       AC:  5    Str: 18    XL:     10   Next: 87%
Magic:  14/16      EV: 33    Int:  9    God:    Okawaru [*****.]
Gold:   500        SH:  0    Dex: 19    Spells: 9/9 levels left

rFire    . . .     SeeInvis +   t - +2 quarterstaff (distort)
rCold    . . .     Gourm    .   (shield currently unavailable)
rNeg     . . .     Faith    .   b - +0 robe
rPois    .         Spirit   .   c - +1 hat
rElec    .         Reflect  .   e - +0 cloak
rCorr    .         Harm     .   (gloves unavailable)
MR       ++...                  (boots unavailable)
Stlth    +++.......             (no amulet)
HPRegen  0.17/turn              n - ring of protection from magic
MPRegen  0.15/turn              p - +1 ring of protection

@: mighty, heroism, very quick
A: very small, unfitting armour, see invisible, herbivore, speed 3, slow
metabolism 2
a: Heroism, Finesse, Renounce Religion


You were in a labyrinth.
You worshipped Okawaru.
Okawaru was extremely pleased with you.
You were not hungry.

You visited 2 branches of the dungeon, and saw 11 of its levels.
You also visited: Labyrinth, Sewer and Ossuary.

You collected 500 gold pieces.

Inventory:

Hand Weapons
 a - a +0 quarterstaff
 t - a +2 quarterstaff of distortion (weapon)
 A - the +6 lajatang "Syumam" {protect, rF+}
   (You acquired it in an ossuary)

   It protects the one who uses it against injury (+AC on strike).
   It protects you from fire.
Missiles
 E - a throwing net (quivered)
Armour
 b - a +0 robe (worn)
 c - a +1 hat (worn)
 e - a +0 cloak (worn)
 j - a +0 robe
 x - the +1 robe of the Constellations {+Fly rElec Dex-4}
   (You found it on level 5 of the Dungeon)

   It affects your dexterity (-4).
   It insulates you from electricity.
   It lets you fly.
Jewellery
 d - an uncursed amulet of magic regeneration
 n - a ring of protection from magic (left hand)
 p - a +1 ring of protection (right hand)
 q - an uncursed ring of protection from magic
 v - a +2 ring of strength
 F - an uncursed ring of protection from cold
Wands
 u - a wand of digging (10)
 z - a wand of polymorph (15)
Scrolls
 i - 2 scrolls of fear
 k - 2 scrolls of teleportation
 s - 7 scrolls of identify
 B - 4 scrolls of amnesia
 D - 5 scrolls of remove curse
Potions
 g - 3 potions of flight
 h - 6 potions of curing
 l - 5 potions of agility
 m - 4 potions of heal wounds
 o - 5 potions of brilliance
 r - 2 potions of lignification
 C - a potion of might
Books
 w - a book of Cantrips

   Spells                             Type                      Level
   a - Confusing Touch                Hexes                        1
   b - Animate Skeleton               Necromancy                   1
   c - Summon Small Mammal            Summoning                    1
   d - Apportation                    Translocation                1
 y - a book of Flames

   Spells                             Type                      Level
   a - Flame Tongue                   Conjuration/Fire             1
   b - Throw Flame                    Conjuration/Fire             2
   c - Conjure Flame                  Conjuration/Fire             3
   d - Inner Flame                    Hexes/Fire                   3
   e - Sticky Flame                   Conjuration/Fire             4
   f - Fireball                       Conjuration/Fire             5
Comestibles
 f - 20 rations


   Skills:
 + Level 6.6(11.6) Fighting
 * Level 8.7(13.7) Staves
 - Level 2.0(7.0) Throwing
 + Level 11.6(16.6) Dodging
 + Level 6.7 Invocations


You had 9 spell levels left.
You didn't know any spells.

Dungeon Overview and Level Annotations

Branches:
Dungeon (9/15)             Temple (0/1) D:6            Lair (2/6) D:8
  Swamp: Lair:2-4    Shoals: Lair:2-4     Snake: Lair:2-4    Spider: Lair:2-4
    Orc: D:9-12

Altars:
Cheibriados
Fedhas
Gozag
Kikubaaqudgha
Okawaru
Qazlal
Sif Muna
Yredelemnul
Zin

Shops:
D:8 %

Annotations:
D:3 taffy's ghost, amateur HOFi
D:8 exclusion: 2 doors
Lair:2 exclusion: spiny frog


Innate Abilities, Weirdness & Mutations

You are very small and have problems with some larger weapons.
You are too small for most types of armour.
You have supernaturally acute eyesight. (SInv)
You are a herbivore.
You cover ground extremely quickly.
You need consume almost no food.


Message History

The minotaur bellows!
The minotaur throws a stone.
The stone closely misses you.
Press: ? - help, v - describe, . - travel
Here: a minotaur, wielding a falchion of holy wrath and wearing a dyed leather armour The floor.
Unknown command.
You feel very mighty all of a sudden.
The minotaur throws a stone.
The stone closely misses you.
You gain the combat prowess of a mighty hero.
The minotaur throws a stone.
The stone misses you.
You barely miss the minotaur.
The minotaur furiously retaliates!
The minotaur headbutts you! The minotaur completely misses you.
The minotaur misses you.
You barely miss the minotaur.
The minotaur furiously retaliates!
The minotaur headbutts you!!
You bludgeon the minotaur!!
Space bends around the minotaur.
The minotaur is heavily wounded.
The minotaur hits you with a falchion of holy wrath.
The minotaur gores you!!
You die...

# . ## # .
#.## ##.# #
# #.... # .
. . #
......... .
#..
.#.#######.
#.
..#.#(....#
# #
.#.#@###.#
###..#.#H#
# # #.
#.#.# #.# #
. #.#.# #.#
.#. .#.. #.
# ###.#
#####.## .
....#...
...# .. #.#
#########.
# .. #. .
... ..#


You could see a minotaur.

Vanquished Creatures
  A glowing orange brain (D:8)
  A black mamba (Lair:1)
  A centaur skeleton (D:9)
  The ghost of Crag the Shield-Bearer, an amateur GnFi (D:4)
  2 dream sheep (D:8)
  3 hippogriffs
  Sigmund (D:6)
  2 yaks (D:8)
  Edmund (D:4)
  2 wargs
  A naga (D:6)
  2 water moccasins (Lair:1)
  5 porcupines
  A slave (D:5)
  2 orc warriors (D:8)
  A black bear (D:7)
  A wolf (D:8)
  5 ogres
  3 centaurs
  3 big kobolds
  6 bullfrogs
  2 scorpions
  A wyvern zombie (D:6)
  4 killer bees
  2 wights (D:6)
  2 crimson imps
  5 hounds
  5 orc priests
  A bullfrog skeleton (D:9)
  7 orc wizards
  3 iguanas
  Natasha (twice) (D:4)
  7 worker ants
  5 big kobold zombies (Ossuary)
  A hound zombie (D:8)
  A hound skeleton (D:4)
  A mummy (Ossuary)
  A worker ant zombie (D:8)
  Robin (D:3)
  11 adders
  3 gnolls (D:8)
  2 shadow imps (D:5)
  2 adder skeletons
  A worm (D:3)
  4 dart slugs
  4 leopard geckos
  18 orcs
  3 spectral bats (Ossuary)
  3 ball pythons
  11 bats
  5 giant cockroaches
  15 goblins
  13 hobgoblins
  10 jackals
  23 kobolds
  3 quokkas
  A bat simulacrum (Ossuary)
  8 frilled lizards
  7 gnoll zombies (Ossuary)
  3 goblin simulacra (Ossuary)
  3 goblin zombies (Ossuary)
  2 hobgoblin zombies (Ossuary)
  A kobold simulacrum (Ossuary)
  6 kobold zombies (Ossuary)
  2 leopard gecko skeletons
  A leopard gecko zombie (D:6)
  7 orc zombies (Ossuary)
  A quokka skeleton (D:4)
  10 rats
  A rat simulacrum (Ossuary)
  3 spectral goblins (Ossuary)
  3 spectral kobolds (Ossuary)
  2 spectral rats (Ossuary)
288 creatures vanquished.

Vanquished Creatures (others)
  2 slaves (D:6)
  A leopard gecko (D:6)
3 creatures vanquished.

Grand Total: 291 creatures vanquished

Notes
Turn   | Place    | Note
-------+----------+-------------------------------------------
     0 | D:1      | Jannitor the Spriggan Gladiator began the quest for the Orb.
     0 | D:1      | Reached XP level 1. HP: 10/10 MP: 2/2
   271 | D:1      | Reached XP level 2. HP: 15/15 MP: 3/3
   847 | D:1      | Reached XP level 3. HP: 18/18 MP: 4/4
  1098 | D:2      | Reached skill level 5 in Dodging
  1420 | D:2      | Reached XP level 4. HP: 20/23 MP: 5/5
  2189 | D:3      | Noticed taffy's ghost (amateur HOFi)
  2519 | D:3      | Noticed Robin
  2540 | D:3      | Killed Robin
  2584 | D:3      | Reached XP level 5. HP: 23/27 MP: 6/6
  2622 | D:3      | Found an iron altar of Okawaru.
  2627 | D:3      | Became a worshipper of Warmaster Okawaru
  2643 | D:3      | Found a basalt altar of Yredelemnul.
  2832 | D:4      | Reached skill level 6 in Dodging
  2886 | D:4      | Reached XP level 6. HP: 26/32 MP: 7/7
  2921 | D:4      | Noticed Natasha
  3054 | D:4      | Found a glowing drain.
  3254 | D:4      | Reached * piety under Okawaru
  3367 | Sewer    | Entered a sewer
  4173 | D:4      | Noticed Edmund
  4212 | D:4      | Reached XP level 7. HP: 15/36 MP: 8/8
  4486 | D:4      | Reached skill level 7 in Dodging
  4486 | D:4      | Reached skill level 1 in Invocations
  4832 | D:4      | Killed Natasha
  4964 | D:5      | Entered Level 5 of the Dungeon
  5794 | D:4      | Killed Edmund
  5794 | D:4      | Reached skill level 5 in Staves
  6176 | D:4      | Noticed Natasha
  6237 | D:4      | Killed Natasha
  6376 | D:4      | Reached ** piety under Okawaru
  6376 | D:4      | Reached XP level 8. HP: 41/42 MP: 10/10
  6390 | D:4      | Noticed Crag's ghost (amateur GnFi)
  6486 | D:5      | Got an opalescent robe
  6680 | D:5      | Reached skill level 8 in Dodging
  6810 | D:6      | Noticed Pikel
  6928 | D:6      | Found an opulent altar of Gozag.
  7608 | D:6      | Found a stormy altar of Qazlal.
  7608 | D:6      | Found a snail-covered altar of Cheibriados.
  7609 | D:6      | Found a deep blue altar of Sif Muna.
  7611 | D:6      | Found a glowing silver altar of Zin.
  7996 | D:6      | Noticed Sigmund
  8326 | D:6      | Found a staircase to the Ecumenical Temple.
  8329 | D:6      | Noticed a two-headed ogre
  8409 | D:5      | Identified the +1 robe of the Constellations {+Fly rElec Dex-4} (You found it on level 5 of the Dungeon)
  9689 | D:7      | Reached skill level 9 in Dodging
  9932 | D:8      | Reached XP level 9. HP: 33/46 MP: 11/13
  9937 | D:8      | Found a sand-covered staircase.
 10026 | Ossuary  | Entered an ossuary
 10028 | Ossuary  | Identified a scroll of acquirement
 10031 | Ossuary  | Got a fine lajatang
 10032 | Ossuary  | Identified the +6 lajatang "Syumam" {protect, rF+} (You acquired it in an ossuary)
 10469 | D:8      | Found a staircase to the Lair.
 10508 | D:7      | Reached *** piety under Okawaru
 10508 | D:7      | Reached skill level 5 in Fighting
 10609 | D:6      | Noticed Pikel
 10609 | D:6      | Pikel changed into Pikel the naga
 10617 | D:6      | Killed Pikel the naga
 10952 | D:6      | Killed Sigmund
 11057 | D:4      | Killed Crag's ghost
 11870 | D:8      | Noticed a two-headed ogre
 11934 | D:8      | Reached skill level 5 in Invocations
 11942 | D:8      | Reached skill level 10 in Dodging
 12154 | D:8      | Found Vasote's Food Boutique.
 12208 | D:8      | Reached **** piety under Okawaru
 12293 | D:8      | Reached XP level 10. HP: 47/53 MP: 13/15
 12387 | D:8      | Found a blossoming altar of Fedhas.
 12388 | D:8      | Found an ancient bone altar of Kikubaaqudgha.
 12429 | D:8      | Noticed a glowing orange brain
 12429 | D:8      | a two-headed ogre changed into a glowing orange brain
 12443 | D:8      | Killed a glowing orange brain
 12601 | D:8      | Reached ***** piety under Okawaru
 13205 | D:9      | Received a gift from Okawaru
 13205 | D:9      | Reached skill level 11 in Dodging
 13242 | D:9      | Noticed a two-headed ogre
 13302 | Lair:1   | Entered Level 1 of the Lair of Beasts
 13538 | Lair:1   | Noticed a black mamba
 13547 | Lair:1   | Killed a black mamba
 14356 | Lair:2   | Noticed a spiny frog
 14367 | Lair:2   | Found a labyrinth entrance.
 14377 | Lab      | Entered a labyrinth
 14541 | Lab      | Noticed a minotaur
 14549 | Lab      | Slain by a minotaur

Skill      XL: |  1  2  3  4  5  6  7  8  9 10 |
---------------+-------------------------------+-----
Fighting       | 2 3 4 5 6 |  6.6
Dodging        | 5 6 7 9 10 11 | 11.6
Staves         | 3 4 5 6 7 8 |  8.7
Invocations    | 2 4 5 6 |  6.7
Throwing       | |  2.0

Action                   |  1- 3 |  4- 6 |  7- 9 | 10-12 || total
-------------------------+-------+-------+-------+-------++-------
Melee: Quarterstaff      |   109 |   306 |   385 |    54 ||   854
       Lajatang          |       |       |   210 |    83 ||   293
Throw: Throwing net      |       |     1 |     3 |       ||     4
Invok: Heroism           |       |       |     2 |     2 ||     4
Evoke: Wand              |       |       |     6 |     3 ||     9
  Use: Scroll            |       |     8 |     9 |     1 ||    18
       Potion            |       |    10 |     3 |     2 ||    15
 Stab: Sleeping          |     2 |     3 |     2 |       ||     7
       Distracted        |     1 |       |     1 |       ||     2
       Held in net/web   |       |     1 |     1 |       ||     2
       Invisible         |       |     2 |       |       ||     2
  Eat: Ration            |       |     1 |     4 |     2 ||     7
Armor: Robe              |    11 |    13 |    45 |     4 ||    73
       Skin              |       |    13 |     6 |       ||    19
Dodge: Dodged            |   121 |   284 |   473 |   135 ||  1013
